 Dungeon Crawl Stone Soup version 0.30-a0-6-g7c9e10e132 (webtiles) character file.

Game seed: 12146003637987256819

14315 siradein the Merchant of Misery (level 11, -1/86 (99) HPs)
             Began as a Yellow Draconian Necromancer on Aug 22, 2022.
             Was a Believer of Kikubaaqudgha.
             Succumbed to a black mamba's poison
             ... on level 2 of the Lair of Beasts.
             The game lasted 00:37:51 (13764 turns).

siradein the Merchant of Misery (DrNe)             Turns: 13764, Time: 00:37:51

HP:   -1/86 (99)    AC: 13    Str: 16    XL:     11   Next: 87%
MP:   4/23          EV: 13    Int: 23    God:    Kikubaaqudgha [**....]
Gold: 296           SH:  5    Dex: 15    Spells: 15/27 levels left

rFire   + . .      SeeInvis .    o - +1 morningstar (protect)
rCold   . . .      Faith    .    (no shield)
rNeg    . . .      Spirit   .    (body armour unavailable)
rPois   +          Reflect  +    (helmet restricted)
rElec   .          Harm     .    t - +0 cloak
rCorr   +          Rampage  .    L - +1 pair of gloves {Dex+3}
Will    .....                    m - +2 pair of boots
Stlth   ++........               i - amulet of reflection
HPRegen 0.24/turn                r - ring "Xuhin" {rF+ Str+6 Int+3}
MPRegen 0.18/turn                d - ring of poison resistance

@: lethally poisoned (-1 -> -10), animating dead, heavily drained
A: spit acid, AC +7, unfitting armour, cold-blooded, acid resistance
a: Breathe Acid, Renounce Religion, Unearth Wretches


You were on level 2 of the Lair of Beasts.
You worshipped Kikubaaqudgha.
Kikubaaqudgha was pleased with you.
You visited 3 branches of the dungeon, and saw 14 of its levels.

You collected 614 gold pieces.
You spent 318 gold pieces at shops.

Inventory:

Hand Weapons
 o - a +1 morningstar of protection (weapon)
 B - a +5 morningstar
Missiles
 v - 12 boomerangs
 z - 2 throwing nets
 E - 6 curare-tipped darts
Armour
 m - a +2 pair of boots (worn)
 t - a +0 cloak (worn)
 L - a +1 pair of gloves of dexterity (worn)
Jewellery
 d - a ring of poison resistance (right hand)
 i - an amulet of reflection (around neck)
 k - a ring of see invisible
 n - a +6 ring of dexterity
 r - the ring "Xuhin" (left hand) {rF+ Str+6 Int+3}
   (You found it on level 3 of the Dungeon)

   [ring of strength]

   Str:       It affects your strength (+6).
   Int:       It affects your intelligence (+3).
   rF:        It protects you from fire.
 G - a ring of magical power
 K - an amulet of the acrobat
 M - a ring of positive energy
Wands
 p - a wand of roots (6)
 y - a wand of polymorph (10)
 D - a wand of paralysis (11)
Scrolls
 b - 2 scrolls of noise {unknown}
 e - a scroll of blinking
 j - 3 scrolls of immolation
 l - 4 scrolls of butterflies {unknown}
 q - 8 scrolls of teleportation
 u - 7 scrolls of fear {unknown}
 w - 3 scrolls of silence
 A - 3 scrolls of vulnerability {unknown}
 F - a scroll of enchant weapon {unknown}
 H - a scroll of brand weapon {unknown}
 I - 2 scrolls of amnesia {unknown}
 N - 2 scrolls of poison {unknown}
 P - a scroll of magic mapping {unknown}
 Q - a scroll of summoning {unknown}
Potions
 a - 2 potions of magic
 c - 10 potions of curing
 f - 4 potions of brilliance
 g - 2 potions of cancellation
 h - a potion of resistance
 s - 2 potions of heal wounds
 x - 3 potions of might
 C - 2 potions of mutation
 J - a potion of berserk rage {unknown}
 O - a potion of lignification {unknown}


   Skills:
 + Level 9.8 Fighting
 + Level 8.9 Maces & Flails
 + Level 3.5 Dodging
 - Level 1.7 Stealth
 + Level 8.9 Spellcasting
 - Level 5.0 Hexes
 + Level 10.2 Necromancy


You had 15 spell levels left.
You knew the following spells:

 Your Spells              Type           Power      Damage    Failure   Level
a - Necrotise             Necr           100%       1d9       1%          1
b - Vampiric Draining     Necr           55%        2d9       1%          3
c - Animate Dead          Necr           55%        N/A       1%          4
d - Anguish               Hex/Necr       22%        N/A       2%          4

Your spell library contained the following spells:

 Spells                   Type           Power      Damage    Failure   Level
 Sublimation of Blood     Necr           55%        N/A       1%          2
 Agony                    Necr           55%        N/A       2%          5
 Sandblast                Erth           20%        2d7       6%          1
 Passwall                 Tmut/Erth      8%         N/A       10%         2
 Static Discharge         Conj/Air       10%        3-5/arc   10%         2
 Death Channel            Necr           27%        N/A       14%         6
 Stone Arrow              Conj/Erth      20%        3d8       19%         3
 Borgnjor's Vile Clutch   Necr/Erth      16%        N/A       22%         5
 Lightning Bolt           Conj/Air       5%         1d17      87%         5
 Maxwell's Capacitive Co  Air            5%         ∞         100%        8


Dungeon Overview and Level Annotations

Branches:
Dungeon (11/15)            Temple (1/1) D:7            Lair (2/5) D:10
  Swamp: Lair:2-3    Shoals: Lair:2-3     Snake: Lair:2-3    Spider: Lair:2-3
    Orc: D:9-12

Altars:
Ashenzari
Dithmenos
Elyvilon
Fedhas
Gozag
Hepliaklqana
Kikubaaqudgha
Makhleb
Nemelex Xobeh
Okawaru
Ru
Sif Muna
Trog
Uskayaw
Wu Jian
Xom
Yredelemnul
The Shining One
Jiyva

Shops:
D:3 ?   D:4 *   D:8 (?*(


Innate Abilities, Weirdness & Mutations

You can spit globs of acid.
Your golden yellow scales are hard. (AC +7)
You cannot fit into any form of body armour.
You are cold-blooded and may be slowed by cold attacks.
You are resistant to acid. (rCorr)


Message History

You are poisoned.
The black mamba poisons you! You block the hell rat's attack.
The hell rat bites you!
* * * LOW HITPOINT WARNING * * *
Your bullfrog zombie hits the hell rat.
Your hell rat zombie barely misses the hell rat.
The black mamba bites you!
* * * LOW HITPOINT WARNING * * *
Casting: Vampiric Draining (safe; 1% risk of failure)
Confirm with . or Enter, or press ? or * to list all spells.
Aiming: Vampiric Draining (safe; 1% risk of failure)
Press: ? - help, Shift-Dir - straight line, f/p - black mamba
Aim: a black mamba (severely wounded, ally target)
You draw life force from the black mamba!
You feel life coursing into your body.
* * * LOW HITPOINT WARNING * * *
You feel very sick. You block the hell rat's attack. The hell rat bites you.
* * * LOW HITPOINT WARNING * * *
You block the hell rat's attack. The hell rat closely misses you.
The black mamba bites you but does no damage.
Your bullfrog zombie misses the hell rat.
The hell rat completely misses you.
Your hell rat zombie barely misses the black mamba.
The hell rat barely misses you. You block the black mamba's attack.
The hell rat misses you.
Your hell rat zombie bites the hell rat but does no damage.
The hell rat barely misses you.
Unknown command.
Casting: Vampiric Draining (safe; 1% risk of failure)
Confirm with . or Enter, or press ? or * to list all spells.
Aiming: Vampiric Draining (safe; 1% risk of failure)
Press: ? - help, Shift-Dir - straight line, f/p - black mamba
Aim: a black mamba (almost dead, ally target)
You draw life force from the black mamba.
You kill the black mamba!
Kikubaaqudgha accepts your kill.
You feel life coursing into your body.
The dead are slithering!
You die...
Kikubaaqudgha rasps: "You have failed me!
Welcome... death!"

.........
.......#
.......#
.......#
###...$..#
#...Z....+.
#Zrr......
#Z@r.....P
#..r......
##ZZ......
........#
P.#.#...#
......#..#
).....#..#
.......# .#


You could see 4 hell rats, a friendly black mamba zombie, 3 friendly hell rat
zombies and a friendly bullfrog zombie.

Vanquished Creatures
  Snorg (D:10)
  A hydra (D:11)
  Erica (D:10)
  2 two-headed ogres (D:11)
  Maurice (D:10)
  2 elephants (Lair:1)
  2 black mambas
  A rime drake (Lair:1)
  2 trolls (D:9)
  A hornet (D:9)
  2 blink frogs (Lair:1)
  A shadow (D:10)
  A wyvern (D:10)
  6 yaks (D:10)
  2 steam dragons
  An acid dragon (D:9)
  3 water moccasins
  3 black bears
  4 orc warriors
  2 ogres
  A centaur (D:7)
  4 phantoms
  3 bullfrogs
  4 kobold brigands
  2 necrophages
  3 gnoll sergeants
  2 scorpions
  10 wights
  14 killer bees
  2 howler monkeys
  3 jellies (D:9)
  3 hounds
  2 gnoll boudas
  9 orc priests
  Ijyb (D:4)
  2 hell rats (Lair:2)
  2 iguanas
  11 orc wizards
  25 gnolls
  6 adders
  2 shadow imps
  2 white imps (D:5)
  An ufetubus (D:4)
  5 worms
  2 dart slugs
  35 orcs
  4 endoplasms
  5 giant cockroaches
  10 goblins
  9 hobgoblins
  3 jackals (D:5)
  22 kobolds
  6 quokkas
  4 ball pythons
  5 bats
  6 frilled lizards
  5 rats
274 creatures vanquished.

Vanquished Creatures (collateral kills)
  2 elephants (Lair:1)
  Psyche (D:10)
  A troll (D:9)
  2 blink frogs (Lair:1)
  A shadow (D:10)
  2 wraiths
  A black bear (D:10)
  2 bullfrogs (Lair:1)
  An orc priest (D:9)
  A jelly (D:9)
  An orc wizard (D:10)
  A hell rat (Lair:2)
  A gnoll (D:8)
  2 orcs (D:9)
  A kobold (D:9)
  A bush (Lair:1)
  A butterfly (D:7)
22 creatures vanquished.

Vanquished Creatures (others)
  A boulder beetle (D:8)
  An elephant (Lair:1)
  A yak (D:9)
  A rime drake zombie (Lair:1)
  A human zombie (D:10)
  A troll zombie (D:9)
  A killer bee (D:8)
  An orc wizard (D:9)
  A killer bee zombie (D:8)
  3 gnoll zombies
  An iguana zombie (D:6)
  A worm (D:9)
  A ball python (D:10)
  A ball python zombie (D:10)
  A kobold (D:10)
  7 kobold zombies
  12 orc zombies
  A fungus (Lair:1)
  6 plants
43 creatures vanquished.

Grand Total: 339 creatures vanquished

Notes
Turn   | Place    | Note
-------+----------+-------------------------------------------
     0 | D:1      | siradein the Draconian Necromancer began the quest for the
                  | Orb.
     0 | D:1      | Reached XP level 1. HP: 14/14 MP: 3/3
   259 | D:1      | Reached XP level 2. HP: 20/20 MP: 0/5
   851 | D:2      | Found a faded altar of an unknown god.
  1028 | D:2      | Reached XP level 3. HP: 26/26 MP: 4/7
  1128 | D:2      | Learned a level 3 spell: Vampiric Draining
  1720 | D:3      | Reached XP level 4. HP: 16/33 MP: 1/8
  1732 | D:3      | Reached skill level 5 in Necromancy
  1984 | D:3      | Found an ornate altar of the Wu Jian Council.
  1984 | D:3      | Found a white marble altar of Elyvilon.
  1984 | D:3      | Found a hide-covered altar of Uskayaw.
  1997 | D:3      | Reached skill level 1 in Fighting
  2010 | D:3      | Reached skill level 1 in Maces & Flails
  2010 | D:3      | Reached XP level 5. HP: 31/40 MP: 3/10
  2085 | D:3      | Identified the ring "Xuhin" {rF+ Str+6 Int+3}
  2383 | D:3      | Found a shadowy altar of Dithmenos.
  2551 | D:3      | Learned a level 4 spell: Animate Dead
  2608 | D:3      | Found Quan's Magic Scroll Emporium.
  2660 | D:3      | Bought a scroll of identify for 26 gold pieces
  2794 | D:3      | Reached XP level 6. HP: 19/49 MP: 8/11
  3156 | D:4      | Found Sorcheismimn's General Store.
  3425 | D:4      | Noticed Ijyb
  3437 | D:4      | Killed Ijyb
  3534 | D:4      | Found a glowing golden altar of the Shining One.
  3738 | D:5      | Entered Level 5 of the Dungeon
  3745 | D:5      | Your scales start taking on a golden yellow colour.
  3745 | D:5      | Reached XP level 7. HP: 46/57 MP: 13/13
  3745 | D:5      | Gained mutation: You are resistant to acid. (rCorr) [Yellow
                  | Draconian growth]
  3961 | D:5      | Reached skill level 6 in Necromancy
  4313 | D:5      | Reached skill level 5 in Spellcasting
  4313 | D:5      | Reached XP level 8. HP: 35/67 MP: 2/15
  4574 | D:5      | Found a sacrificial altar of Ru.
  4960 | D:5      | Found a broken altar of Ashenzari.
  5261 | D:6      | Reached skill level 5 in Fighting
  5372 | D:6      | Reached skill level 7 in Necromancy
  5583 | D:6      | Reached skill level 5 in Maces & Flails
  5956 | D:7      | Found a shimmering altar of Xom.
  5958 | D:7      | Found a shimmering altar of Xom.
  5959 | D:7      | Found a shimmering altar of Xom.
  5960 | D:7      | Found a shimmering altar of Xom.
  5974 | D:7      | Reached XP level 9. HP: 50/70 MP: 14/18
  6467 | D:7      | Found a shimmering altar of Xom.
  6469 | D:7      | Found a shimmering altar of Xom.
  6473 | D:7      | Found a shimmering altar of Xom.
  6682 | D:7      | Found a staircase to the Ecumenical Temple.
  6706 | Temple   | Entered the Ecumenical Temple
  6763 | Temple   | Became a worshipper of Kikubaaqudgha
  7065 | D:8      | Reached skill level 8 in Necromancy
  7227 | D:8      | Found a bloodstained altar of Trog.
  7274 | D:8      | Found a shimmering blue altar of Sif Muna.
  7274 | D:8      | Found a basalt altar of Yredelemnul.
  7275 | D:8      | Found a sparkling altar of Nemelex Xobeh.
  7324 | D:8      | Reached * piety under Kikubaaqudgha
  7324 | D:8      | Received a gift from Kikubaaqudgha
  7670 | D:8      | Found Mipuacoe's Weapon Emporium.
  8170 | D:8      | Found Awuixo's General Store.
  8178 | D:8      | Bought a potion of might for 48 gold pieces
  8178 | D:8      | Bought a potion of mutation for 96 gold pieces
  8324 | D:8      | Found Kykangub's Magic Scroll Shoppe.
  8331 | D:8      | Bought a scroll of identify for 22 gold pieces
  8331 | D:8      | Bought a scroll of blinking for 82 gold pieces
  8331 | D:8      | Bought a scroll of identify for 22 gold pieces
  8331 | D:8      | Bought a scroll of identify for 22 gold pieces
  8354 | D:8      | Learned a level 4 spell: Anguish
  8394 | D:8      | Reached XP level 10. HP: 83/86 MP: 16/20
  8457 | D:8      | Found Pometh's Antique Weapon Boutique.
  8785 | D:9      | Found a viscous altar of Jiyva.
  8792 | D:9      | Reached skill level 1 in Hexes
  8923 | D:9      | Found a hazy altar of Hepliaklqana.
  9741 | D:10     | Entered Level 10 of the Dungeon
  9786 | D:10     | Noticed Maurice
  9804 | D:10     | Killed Maurice
  9805 | D:10     | Reached skill level 9 in Necromancy
  9812 | D:10     | Noticed Erica
  9832 | D:10     | Killed Erica
 10374 | D:10     | Noticed Snorg
 10398 | D:10     | Noticed Psyche
 10420 | D:10     | Killed Snorg
 10421 | D:10     | Reached XP level 11. HP: 9/95 MP: 3/23
 10427 | D:10     | Killed Psyche
 10740 | D:10     | Found an iron altar of Okawaru.
 10865 | D:10     | Found a staircase to the Lair.
 10873 | D:10     | Your ally Psyche died
 11449 | D:11     | Noticed a two-headed ogre
 11468 | D:11     | Killed a two-headed ogre
 11668 | D:11     | Noticed an eight-headed hydra
 11676 | D:11     | Killed an eight-headed hydra
 12086 | D:11     | Noticed a two-headed ogre
 12093 | D:11     | Killed a two-headed ogre
 12587 | Lair:1   | Entered Level 1 of the Lair of Beasts
 12673 | Lair:1   | Reached skill level 10 in Necromancy
 13188 | Lair:1   | Reached ** piety under Kikubaaqudgha
 13761 | Lair:2   | Reached skill level 5 in Hexes
 13762 | Lair:2   | HP: 2/86 [black mamba (7)]
 13764 | Lair:2   | Succumbed to a black mamba's poison

Illustrated notes

Levels and vault maps discovered:
D:1:      lightli_arrival_statuegarden, layout_rooms, grunt_decor_cap,
          minmay_pentomino_t2
D:2:      layout_basic, hellmonk_ecumenical_altar_blasted
D:3:      layout_rooms, mainiacjoe_overflow_catwalk,
          chequers_temple_overflow_statue_of_worship, serial_shops,
          nicolae_diamond_shop
D:4:      layout_rooms, tso_metal_star, serial_shops, shop,
          minmay_goblin_outpost, uniq_ijyb
D:5:      layout_loops_ring, hangedman_ru_absence, cheibrodos_ashenzari_chains
D:6:      layout_cave_pools
D:7:      layout_layer_cave, nicolae_xom_altar_mimics,
          minmay_temple_entry_butterflies, minmay_holes
D:8:      layout_basic, lemuel_doored_altar,
          gammafunk_temple_overflow_forgotten, serial_shops,
          nicolae_square_shop, nicolae_shop_competitors_out_of_business,
          nicolae_shop_crystal, nicolae_shop_trees, glass_columns_c,
          amcnicky_mini_pool_small
D:9:      layout_gridville, kennysheep_mini_moat, jiyva_altar_1
D:10:     layout_irregular_city, lemuel_tele_altar, david_lair_generic,
          uniq_maurice, uniq_erica, uniq_snorg, uniq_psyche
D:11:     layout_cave_pods, kennysheep_generic_room_10
Temple:   hellmonk_temple_flake
Lair:1:   layout_cave_pods, chequers_serial_rivers_room_a
Lair:2:   layout_chaotic_city, lemuel_fruit_fields

Skill      XL: |  1  2  3  4  5  6  7  8  9 10 11 |
---------------+----------------------------------+-----
Spellcasting   | 3 4 5 6 7 8 |  8.9
Necromancy     | 5 6 7 8 9 10 | 10.2
Fighting       | 1 2 3 4 5 7 8 9 |  9.8
Maces & Flails | 1 2 3 5 6 7 8 |  8.9
Hexes          | 3 5 |  5.0
Dodging        | 3 |  3.5
Stealth        | |  1.7

Action                   |  1- 3 |  4- 6 |  7- 9 | 10-12 || total
-------------------------+-------+-------+-------+-------++-------
Melee: Unarmed           |     4 |       |       |       ||     4
       Tailslap          |     9 |    16 |    33 |    19 ||    77
       Dagger            |    43 |    13 |       |       ||    56
       Morningstar       |       |   132 |   284 |   125 ||   541
       Punch             |       |     1 |     4 |     1 ||     6
 Cast: Necrotise         |    78 |    27 |       |       ||   105
       Vampiric Draining |       |    11 |    60 |    85 ||   156
       Animate Dead      |       |       |    12 |     8 ||    20
       Anguish           |       |       |       |     2 ||     2
Invok: Unearth Wretches  |       |       |     1 |     2 ||     3
 Abil: Breathe Acid      |       |       |    16 |    15 ||    31
Evoke: Wand              |       |       |       |     5 ||     5
  Use: Scroll            |       |     1 |     4 |     4 ||     9
       Potion            |       |       |       |     3 ||     3
 Stab: Sleeping          |     1 |     1 |     2 |       ||     4
       Distracted        |       |       |     2 |     6 ||     8
       Paralysed         |       |       |     1 |     2 ||     3
Armor: Skin              |    22 |    83 |   221 |   112 ||   438
Dodge: Dodged            |    27 |   102 |   283 |   173 ||   585
Block: Other             |     8 |    44 |    96 |    63 ||   211
       Reflection        |       |     1 |     3 |     1 ||     5

Table legend: (Time is in decaauts)
 A = Elapsed time spent in this place.
 B = Non-inter-level travel time spent in this place.
 C = Inter-level travel time spent in this place.
 D = Time resting spent in this place.
 E = Time spent auto-exploring this place.
 F = Levels seen in this place.
 G = Mean time per level.
                   A        B        C        D        E       F      G
               +--------+--------+--------+--------+--------+-----+--------+
         Total |  15178 |  14649 |    529 |    581 |  11915 |  14 | 1084.1 |
       Dungeon |  13798 |  13350 |    448 |    581 |  10748 |  11 | 1254.4 |
        Temple |     69 |     50 |     19 |      0 |     43 |   1 |   69.0 |
          Lair |   1310 |   1248 |     62 |      0 |   1124 |   2 |  655.0 |
               +--------+--------+--------+--------+--------+-----+--------+

Top non-repeatable levels by time:
    D:10: 1884 daAuts
     D:9: 1852 daAuts
     D:5: 1520 daAuts
     D:8: 1359 daAuts
     D:3: 1329 daAuts
    D:11: 1310 daAuts
  Lair:1: 1292 daAuts
     D:7: 1140 daAuts
     D:6: 944 daAuts
     D:1: 849 daAuts
     D:4: 811 daAuts
     D:2: 794 daAuts
  Temple: 69 daAuts
  Lair:2: 17 daAuts
